 Dungeon Sprint DCSS version 0.21.0-25-ge575cb9 (webtiles) character file.

53 wojtek the Chopper (level 3, 0/36 HPs)
             Began as a Minotaur Berserker on Jan 25, 2018.
             Was a Believer of Trog.
             Slain by a wolf (10 damage)
             ... in the Dungeon (Sprint III: "The Ten Rune Challenge").
             The game lasted 00:00:25 (260 turns).

wojtek the Chopper (Minotaur Berserker)              Turns: 260, Time: 00:00:25

Health: 0/36       AC:  2    Str: 22    XL:     3   Next: 64%
Magic:  2/2        EV: 13    Int:  4    God:    Trog [**....]
Gold:   8          SH:  0    Dex:  9    Spells: 2/2 levels left

rFire    . . .     SeeInvis .   a - +0 hand axe
rCold    . . .     Gourm    .   (no shield)
rNeg     . . .     Faith    .   b - +0 animal skin
rPois    .         Spirit   .   (helmet restricted)
rElec    .         Reflect  .   (no cloak)
rCorr    .         Harm     .   (no gloves)
MR       .....     NoTele   +   (no boots)
Stlth    +.........             (no amulet)
HPRegen  0.12/turn              (no ring)
MPRegen  0.08/turn              (no ring)

@: no status effects
A: retaliatory headbutt, horns 2
a: Berserk, Trog's Hand, Burn Spellbooks, Renounce Religion


You were in the Dungeon.
You worshipped Trog.
Trog was pleased with you.
You were not hungry.

You visited 1 branch You collected 8 gold pieces.

Inventory:

Hand Weapons
 a - a +0 hand axe (weapon)
Armour
 b - a +0 animal skin (worn)
Scrolls
 i - a scroll of blinking
 j - a scroll of enchant weapon {unknown}
Potions
 d - a potion of curing
 e - a potion of heal wounds
 f - a potion of haste
 g - 2 potions of magic
 h - a potion of berserk rage
 l - a potion of flight {unknown}
Comestibles
 c - a ration
 k - 3 chunks of flesh


   Skills:
 + Level 5.3 Fighting
 * Level 6.6 Axes
 + Level 4.5 Armour
 + Level 4.1 Dodging


You had 2 spell levels left.
You didn't know any spells.

Dungeon Overview and Level Annotations

Branches:
Dungeon (1/1)

Altars:


Innate Abilities, Weirdness & Mutations

You reflexively headbutt those who attack you in melee.
You have a pair of horns on your head.


Message History

You recover from your berserk rage.
A wolf comes into view.
The wolf howls!
The wolf closely misses you. You furiously retaliate!
You headbutt the wolf. The wolf bites you!
You barely miss the wolf. Your headbutt misses the wolf.
The wolf is lightly wounded.
The wolf barely misses you.
You barely miss the wolf.
The wolf is lightly wounded.
The wolf bites you! The wolf misses you.
You are too injured to fight recklessly!
You barely miss the wolf. Your headbutt misses the wolf.
The wolf is lightly wounded.
The wolf bites you. x2
* * * LOW HITPOINT WARNING * * *
You miss the wolf. Your headbutt misses the wolf.
The wolf is lightly wounded.
The wolf bites you!
You die...

▓...#..÷...##
▓..##.......# ..#
▓##.##.##...# ..#
##.##.###..# #..#
▓#.####.##..# ...+
▓.###..##..## #...#
▓#.....##).###....#
###..##...##.....#
##..##....#.@h...#
#..###..##.#.....#
#..# #..#####....#
▓▓▓▓ ▓▓▓▓ ▓▓▓▓▓


You could see a wolf.

Vanquished Creatures
  Jessica (D)
  A human (D)
  2 oozes (D)
  A rat (D)
5 creatures vanquished.

Vanquished Creatures (others)
  2 draconian scorchers (D)
  A hydra (D)
  6 hellions (D)
  A yaktaur (D)
  3 plants (D)
13 creatures vanquished.

Grand Total: 18 creatures vanquished

Notes
Turn   | Place    | Note
-------+----------+-------------------------------------------
     0 | D        | wojtek the Minotaur Berserker began the quest for the Orb.
     0 | D        | Reached XP level 1. HP: 19/19 MP: 0/0
    11 | D        | Reached skill level 4 in Axes
    12 | D        | Reached XP level 2. HP: 12/27 MP: 1/1
    25 | D        | Killed a yaktaur
   114 | D        | Killed a hellion
   137 | D        | Killed a hellion
   137 | D        | Killed a hellion
   138 | D        | Killed a hellion
   139 | D        | Killed a hellion
   172 | D        | Killed a white draconian scorcher
   176 | D        | Killed a white draconian scorcher
   177 | D        | Reached ** piety under Trog
   183 | D        | Noticed Jessica
   189 | D        | Killed a hellion
   190 | D        | Killed Jessica
   190 | D        | Reached skill level 5 in Fighting
   190 | D        | Reached skill level 6 in Axes
   190 | D        | Reached XP level 3. HP: 36/36 MP: 2/2
   245 | D        | Killed a six-headed hydra
   260 | D        | Slain by a wolf

Skill      XL: |  1  2  3 |
---------------+----------+-----
Fighting       | 4 5 |  5.3
Axes           | 4 6 |  6.6
Armour         | 3 4 |  4.5
Dodging        | 3 4 |  4.1

Action                   || total
-------------------------++-------
Melee: Hand axe          ||    20
       Headbutt          ||     2
Invok: Berserk           ||     1
Armor: Animal skin       ||     2
Dodge: Dodged            ||    10
